Unix NetHack Version 5.0.0-0 post-release - last build May  4 2026 22:22:43 (774f63e81ad911689b3a0859ea89b322d5daca8d,branch:main).

Game began 2026-05-08 14:32:30, ended 2026-05-09 12:41:08.

Japes, lawful female human Valkyrie

               ----------
               |........|                                            ---------
               |........|                       ########             |.......|
               |........|########################        -----       |.(.....|
               |........|################ ###############...:+       |.......|
               |.........##         ----------------     |...|       |.......|
               ----------###########-..)..d[@).[...|     |{...#      |.......|
                        ##          |......@.......|     |...|#      |.......|
                                    |..............-     -----##     ----.----
                                    |..............|           ###    ####
                                    ------.---------             #    #
                                                                 ##  ##
                                                                  #--|--
                                                                  #|...|
                                                                  #|..<|
                                                                  #....|
                                                                   -----

Japes the Fighter           St:17 Dx:15 Co:17 In:8 Wi:10 Ch:8  Lawful
Dlvl:8  $:777 HP:0(58) Pw:15(15) AC:3  Xp:6/579 T:3913 

Latest messages:
 You learn more about your items by comparing them.
 d - an uncursed food ration (4 in total).
 You swap places with Killer.
 You stop.  Killer is in the way!
 You swap places with Killer.
 You hear the tones of courtly conversation.
 You find a hidden door.
 This door is locked.
 Unlock it with your key? [ynq] (q)
 You succeed in unlocking the door.
 The door opens.
 The Mordor orc hits!
 You hit the Mordor orc!
 You kill the Mordor orc!
 The Green-elf throws an elven dagger!
 An elven dagger misses you.
 The Green-elf throws an elven dagger!
 The elven dagger hits the Green-elf.
 Killer misses the Green-elf.
 Killer misses the Green-elf.
 The Green-elf wields an elven broadsword!
 Killer misses the Green-elf.
 Killer misses the Green-elf.
 Killer misses the Green-elf.
 You hit the Green-elf!
 The Green-elf swings his elven broadsword.
 The Green-elf hits!
 The Green-elf wields an elven broadsword!
 Killer bites the Green-elf.
 You hit the Green-elf!
 The Green-elf swings his elven broadsword.
 The Green-elf hits!
 Killer misses the Green-elf.
 You hit the Green-elf.
 The Green-elf swings his elven broadsword.
 The Green-elf hits!
 The Green-elf swings his elven broadsword.
 The Green-elf hits!
 Killer misses the Green-elf.
 Killer bites the Green-elf.
 The Green-elf is killed!
 You miss the Green-elf.
 The Green-elf swings his elven broadsword.
 The Green-elf hits!
 You die...
 Do you want your possessions identified? [ynq] (y)
 Do you want to see your attributes? [ynq] (y)
 Do you want an account of creatures vanquished? [ynaq] (y)
 Do you want to see your conduct and achievements? [ynq] (y)
 Do you want to see the dungeon overview? [ynq] (y)

Inventory:
 Coins    ('$')
  $ - 777 gold pieces
 Weapons  (')')
  q - a blessed +0 dagger
  b - a +0 dagger (alternate weapon; not wielded)
  g - a +0 orcish dagger (at the ready)
  a - a +1 spear (weapon in left hand)
 Armor    ('[')
  I - an uncursed +0 orcish helm (being worn)
  e - an uncursed +0 pair of high boots (being worn)
  c - an uncursed +3 small shield (being worn)
 Comestibles  ('%')
  d - 4 uncursed food rations
  j - 2 uncursed fortune cookies
  y - an uncursed pancake
 Scrolls  ('?')
  x - an uncursed scroll of amnesia
  T - 2 uncursed scrolls of blank paper
  S - a cursed scroll of blank paper
  l - an uncursed scroll of confuse monster
  N - an uncursed scroll of enchant weapon
  E - a cursed scroll of gold detection
  f - an uncursed scroll of identify
  A - a cursed scroll of remove curse
 Spellbooks  ('+')
  B - an uncursed spellbook of confuse monster
  h - an uncursed spellbook of drain life
  P - an uncursed spellbook of knock
  M - an uncursed spellbook of teleport away
 Potions  ('!')
  i - a cursed potion of confusion
  z - 2 uncursed potions of extra healing
  C - 2 cursed potions of healing
  u - 2 uncursed potions of monster detection
  t - an uncursed potion of restore ability
  v - a cursed potion of sleeping
  m - a blessed potion of speed
 Wands    ('/')
  D - a wand of digging (0:4)
  s - a wand of slow monster (0:6)
 Tools    ('(')
  w - a cursed magic whistle
  Q - an uncursed skeleton key
 Gems/Stones  ('*')
  k - an uncursed worthless piece of green glass

Japes the Valkyrie's attributes:

Background:
 You were a Fighter, a level 6 human Valkyrie.
 You were lawful, on a mission for Tyr
 who was opposed by Odin (neutral) and Loki (chaotic).
 You were left-handed.
 You were in the Dungeons of Doom, on level 8.
 You entered the dungeon 3913 turns ago.
 You had 579 experience points, 61 more were needed to attain level 7.

Basics:
 You had 0 out of 58 hit points.
 You had all 15 energy points (spell power).
 Your armor class was 3.
 Your wallet contained 777 zorkmids.
 Autopickup was on for '$' plus thrown.

Final Characteristics:
 Your strength was 17 (limit:18/100).
 Your dexterity was 15 (limit:18).
 Your constitution was 17 (limit:18).
 Your intelligence was 8 (limit:18).
 Your wisdom was 10 (limit:18).
 Your charisma was 8 (limit:18).

Final Status:
 You weren't hungry.
 You were unencumbered.
 You were wielding a spear.
 You had basic skill with spear and could have enhanced that.

Final Attributes:
 You were piously aligned.
 You were cold resistant.
 You were telepathic.
 You were stealthy.
 You are dead.

Miscellaneous:
 You encountered 1 bones level.
 Total elapsed playing time was 54 minutes and 59 seconds.

Major events:
 Turn
    1: Japes the lawful human Valkyrie entered the dungeon
  999: attained the rank of Skirmisher (level 3)
 1110: entered the Gnomish Mines
 2703: attained the rank of Fighter (level 6)
 3913: killed by a Green-elf

You didn't know any spells.

Skills:
 Fighting Skills
   bare handed combat [Unskilled]
   two weapon combat  [Unskilled]
   riding             [Unskilled]
 Weapon Skills
   dagger             [Basic]
   axe                [Unskilled]
   pick-axe           [Unskilled]
   short sword        [Unskilled]
   broadsword         [Unskilled]
   long sword         [Unskilled]
   two-handed sword   [Unskilled]
   saber              [Unskilled]
   hammer             [Unskilled]
   quarterstaff       [Unskilled]
   polearms           [Unskilled]
   spear              [Basic]
   trident            [Unskilled]
   lance              [Unskilled]
   sling              [Unskilled]
 Spellcasting Skills
   attack spells      [Unskilled]
   escape spells      [Unskilled]

Voluntary challenges:
 Character rerolling was not enabled.
 You never genocided any monsters.
 You never polymorphed an object.
 You used no wishes.
Achievements:
 You attained the rank of Skirmisher.
 You entered the Gnomish Mines.
 You entered a shop.
 You attained the rank of Fighter.

 The Dungeons of Doom: levels 1 to 8
    Level 1:
       An altar, a fountain, a sink.
    Level 2:
       Many altars, a fountain.
    Level 3:
       A general store, a fountain, a sink.
       Stairs down to The Gnomish Mines.
    Level 4:
       A fountain.
    Level 5:
    Level 6:
       A fountain, a sink.
    Level 7:
    Level 8: <- You were here.
       A fountain.
       Final resting place for
          you, killed by a Green-elf.
 The Gnomish Mines:
    Level 4:
       Final resting place for
          2459832143-Sam-Hum-Fem-Law, killed by a bat.


Vanquished creatures:
  a small mimic
  3 wolves
  a leprechaun
  a werewolf
  a Green-elf
  a lizard
  a raven
  a gnome mummy
 10 Mordor orcs
  a rock piercer
  2 rock moles
  a fog cloud
  a violet fungus
  a paper golem
  a giant ant
  a floating eye
  a homunculus
 an orc zombie
  a werejackal
  a gas spore
  a hobbit
  a large kobold
  a hobgoblin
  a brown mold
  2 geckos
  4 jackals
  a kobold
  3 goblins
  a sewer rat
  5 grid bugs
  6 lichens
  a kobold zombie
59 creatures vanquished.

No species were genocided or became extinct.

Game over:
                       ----------
                      /          \
                     /    REST    \
                    /      IN      \
                   /     PEACE      \
                  /                  \
                  |      Japes       |
                  |      777 Au      |
                  |   killed by a    |
                  |    Green-elf     |
                  |                  |
                  |                  |
                  |       2026       |
                 *|     *  *  *      | *
        _________)/\\_//(\/(/\)/\//\/|_)_______

Farvel Japes the Valkyrie...

You died in The Dungeons of Doom on dungeon level 8 with 3386 points,
and 777 pieces of gold, after 3913 moves.
You were level 6 with a maximum of 58 hit points when you died.

